 Dungeon Crawl Stone Soup version 0.17.1-3-g152610e (webtiles) character file.

143 Metrazal the Sneak (level 5, -2/25 HPs)
             Began as a Spriggan Assassin on Feb 26, 2016.
             Slain by a centaur zombie (3 damage)
             ... on level 3 of the Dungeon.
             The game lasted 00:13:12 (2245 turns).

Metrazal the Sneak (Spriggan Assassin)              Turns: 2245, Time: 00:13:12

Health: -2/25      AC:  3    Str:  7    XL:     5   Next: 4%
Magic:  6/6        EV: 19    Int: 13    God:
Gold:   90         SH:  0    Dex: 18    Spells: 0 memorised, 4 levels left

rFire  . . .     SeeInvis +     c - +0 hunting sling
rCold  . . .     Clarity  .     h - +0 robe
rNeg   . . .     SustAt   .     (shield restricted)
rPois  .         Gourm    .     (helmet restricted)
rElec  .         Spirit   .     d - +0 cloak
rCorr  .         Warding  .     (gloves unavailable)
rMut   .         Stasis   .     (boots unavailable)
MR     .....                    (no amulet)
Stlth  ++++......               (no ring)
                                (no ring)

@: very quick, not resistant to hostile enchantments, stealthy
A: unfitting armour, see invisible, herbivore 3, speed 3, slow metabolism 2
a: no special abilities


You were on level 3 of the Dungeon.
You were not hungry.

You visited 1 branch of the dungeon, and saw 3 of its levels.

You collected 90 gold pieces.

Inventory:

Hand Weapons
 a - a +2 dagger
 b - a +0 blowgun
 c - a +0 hunting sling (weapon)
Missiles
 e - 4 poisoned needles
 f - 2 curare-tipped needles
 o - 109 stones (quivered)
Armour
 d - a +0 cloak (worn)
 h - a +0 robe (worn)
Scrolls
 i - 2 scrolls of identify {unknown}
 k - a scroll of enchant armour {unknown}
 n - a scroll of magic mapping {unknown}
Potions
 j - a potion of mutation {unknown}
 l - a potion of cancellation {unknown}
 m - a potion of agility {unknown}
 p - 2 potions of curing {unknown}
 q - a potion of degeneration {unknown}
Comestibles
 g - 2 bread rations


   Skills:
 - Level 1.5 Fighting
 + Level 3.4 Short Blades
 + Level 2.9(3.4) Slings
 - Level 2.0(2.5) Throwing
 + Level 3.5 Dodging
 + Level 6.8 Stealth


You had 4 spell levels left.
You didn't know any spells.

Dungeon Overview and Level Annotations

Branches:
Dungeon (3/15)

Altars:
Trog


Innate Abilities, Weirdness & Mutations

You are tiny and cannot use many weapons and most armour.
You have supernaturally acute eyesight.
You are a herbivore.
You cover ground extremely quickly.
You need consume almost no food.


Message History

Aim: an orc, wielding a hand axe and wearing a scale mail (severely wounded)
You shoot a stone. The stone hits the orc.
You kill the orc!
The centaur zombie hits you.
* * * LOW HITPOINT WARNING * * *
The centaur zombie misses you.
Firing (i - inventory):
o - 111 stones (quivered)
Press: ? - help, Shift-Dir - straight line, f - centaur zombie
Aim: a centaur zombie You shoot a stone.
The stone hits the centaur zombie!
The orc wizard gestures wildly while chanting.
The orc wizard blinks!
The centaur zombie hits you.
* * * LOW HITPOINT WARNING * * *
Firing (i - inventory):
o - 110 stones (quivered)
Press: ? - help, Shift-Dir - straight line, f/p - centaur zombie
Aim: a centaur zombie You shoot a stone.
The stone hits the centaur zombie but does no damage.
The orc wizard barely misses you. The centaur zombie hits you.
You die...

######## ### .......##
#################.### ........#
#(.(..#...........†.#
........###...(.......#####'###
(....(o(......(Z@.............#
(..........)....o.............#
.......#......................#
(......#...........(..........#
.......#..............##+##.#####
.(..####.......#.................
..............................#.#
#........###..................#.#
.......... +...........>........#


You could see an orc wizard and a centaur zombie.

Vanquished Creatures
  The ghost of Woxaris the Firebug, a weakling DEFE (D:3)
  6 adders
  An ooze (D:2)
  2 giant geckos
  6 orcs (D:3)
  A giant cockroach (D:1)
  3 goblins (D:1)
  8 hobgoblins
  2 ball pythons
  6 bats
  2 giant newts
  3 kobolds
  6 rats
47 creatures vanquished.

Notes
Turn   | Place    | Note
--------------------------------------------------------------
     0 | D:1      | Metrazal the Spriggan Assassin began the quest for the Orb.
     0 | D:1      | Reached XP level 1. HP: 10/10 MP: 2/2
    63 | D:1      | Reached skill level 1 in Slings
   225 | D:1      | Reached skill level 6 in Stealth
   225 | D:1      | Reached XP level 2. HP: 9/14 MP: 3/3
   734 | D:2      | Reached XP level 3. HP: 18/18 MP: 4/4
  1021 | D:2      | Found a bloodstained altar of Trog.
  1357 | D:2      | Reached XP level 4. HP: 19/22 MP: 5/5
  2106 | D:3      | Noticed Woxaris's ghost (weakling DEFE)
  2137 | D:3      | Killed Woxaris's ghost
  2137 | D:3      | Reached XP level 5. HP: 25/25 MP: 6/6
  2243 | D:3      | HP: 1/25 [centaur zombie (4)]
  2245 | D:3      | Slain by a centaur zombie

Action                   |  1- 3 |  4- 6 || total
-------------------------+-------+-------++-------
Melee: Dagger            |    87 |    38 ||   125
 Fire: Blowgun           |     4 |     4 ||     8
       Hunting sling     |       |    39 ||    39
 Stab: Sleeping          |    11 |     4 ||    15
       Distracted        |       |     1 ||     1
